AoeStats
← bkg45

MegaRandom

506010485Analyzed
4v4 RM · 21d ago on Sep 12, 2026· 54m 58s· 8 players
Game mode
Random Map
Map size
Large (8 player)
Population
200
Speed
Normal
Resources
Standard
Victory
Conquest
Starting age
Dark Age
Ending age
Imperial Age
RankedLock teamsTeams togetherTeam positionsShared explorationLock speedFull tech treeHidden civsTurbo modeCheats
Victory
Defeat
🇺🇸 Shu · United States
1262
+15
🇺🇸 Wu · United States
1227
+17
🇺🇸 Poles · United States
1161
+19
🇺🇸 Magyars · United States
1116
+22
🇺🇸 Huns · United States
1328
-21
🇦🇷 Celts · Argentina
1228
-18
1205
-17
🇲🇽 Slavs · Mexico
1203
-17
Perdoname por ser Noob
3:56 Loom
4:34 Loom
5:17 Loom
14:12 Feudal Age
20:28 Double-Bit Axe
24:51 Castle Age
22:52 Fishing Lines
24:11 Forging
24:01 Scale Mail Armor
25:20 Pikeman
26:02 Squires
31:01 Gillnets
32:31 Wheelbarrow
31:41 Town Watch
32:08 Bow Saw
31:52 Gold Mining
31:52 Stone Mining
36:30 Imperial Age
37:49 Fletching
38:00 Padded Archer Armor
39:02 Chemistry
38:22 Ballistics
39:13 Medical Corps
40:04 Bodkin Arrow
41:11 Iron Casting
40:51 Chain Mail Armor
41:10 Elite Skirmisher
42:54 Chain Mail Armor
44:20 Plate Mail Armor
44:51 Blast Furnace
46:50 Husbandry
47:28 Scale Barding Armor
47:25 Horse Collar
51:21 Bracer
51:37 Leather Archer Armor
cortezalane
3:38 Loom
15:35 Feudal Age
17:16 Double-Bit Axe
21:11 Castle Age
19:52 Horse Collar
21:38 Gold Mining
22:31 Scale Barding Armor
31:04 Chain Barding Armor
30:30 Pikeman
38:07 Scale Mail Armor
38:19 Forging
40:38 Chain Mail Armor
40:58 Iron Casting
41:29 Bow Saw
43:38 Wheelbarrow
44:37 Stone Mining
46:23 Elite Skirmisher
48:20 Caravan
48:28 Padded Archer Armor
48:18 Fletching
49:38 Hand Cart
49:33 Light Cavalry
50:24 Bloodlines
52:32 Husbandry
55:34 Imperial Age
53:57 Leather Archer Armor
53:38 Bodkin Arrow
diego
4:37 Loom
13:21 Feudal Age
17:40 Castle Age
17:16 Double-Bit Axe
18:35 Scale Barding Armor
19:48 Chain Barding Armor
23:31 Light Cavalry
25:54 Wheelbarrow
26:24 Medium Warships
30:29 Fletching
31:50 Bodkin Arrow
34:03 Bow Saw
34:32 Hand Cart
33:58 Horse Collar
35:19 Heavy Plow
39:54 Imperial Age
37:50 Scale Mail Armor
37:28 Man-at-Arms
37:36 Pikeman
38:35 Forging
39:16 Chain Mail Armor
40:25 Iron Casting
43:31 Plate Mail Armor
45:47 Blast Furnace
45:08 Halberdier
48:56 Conscription
Crawsack
5:27 Loom
13:23 Feudal Age
14:08 Double-Bit Axe
15:23 Fishing Lines
18:05 Wheelbarrow
18:11 Horse Collar
25:01 Castle Age
24:24 Scale Barding Armor
24:30 Bloodlines
25:17 Forging
25:16 Stone Mining
25:17 Gold Mining
26:20 Bow Saw
26:01 Gillnets
31:23 Heavy Plow
32:42 Husbandry
32:03 Light Cavalry
33:05 Chain Barding Armor
36:39 Hand Cart
39:05 Imperial Age
37:37 Gold Shaft Mining
37:18 Marauders
37:45 Town Watch
37:54 Fletching
41:55 Guilds
42:23 Atheism
44:52 Plate Barding Armor
44:53 Iron Casting
44:04 Hussar
45:03 Town Patrol
45:16 Masonry
45:02 Murder Holes
47:46 Caravan
51:31 Blast Furnace
50:27 Bodkin Arrow
50:54 Ballistics
50:46 Clinker Construction
53:09 Conscription
52:53 Padded Archer Armor
53:13 Bracer
54:03 Thumb Ring
54:24 Parthian Tactics
53:28 Heavy Cavalry Archer
55:10 Leather Archer Armor
Howie
5:01 Loom
9:27 Loom
16:27 Feudal Age
17:25 Double-Bit Axe
17:25 Horse Collar
20:03 Castle Age
21:19 Bow Saw
25:30 Wheelbarrow
24:40 Town Watch
28:24 Heavy Plow
28:23 Gold Mining
28:23 Stone Mining
30:14 Gold Shaft Mining
35:13 Imperial Age
33:00 Hand Cart
33:06 Fletching
33:53 Pikeman
34:34 Squires
34:20 Arson
34:37 Scale Mail Armor
34:47 Forging
36:01 Elite Skirmisher
37:40 Padded Archer Armor
38:26 Conscription
39:54 Two-Man Saw
39:03 Bodkin Arrow
39:24 Leather Archer Armor
41:30 Iron Casting
42:04 Ballistics
42:44 Chemistry
43:28 Chain Mail Armor
44:14 Blast Furnace
43:15 Bracer
43:22 Town Patrol
43:56 Scale Barding Armor
44:00 Sitting Tiger
44:07 Red Cliffs Tactics
50:53 Fishing Lines
51:31 Masonry
51:02 Treadmill Crane
52:35 Chain Barding Armor
52:45 Plate Mail Armor
osteor10
4:57 Loom
14:29 Feudal Age
16:33 Double-Bit Axe
17:35 Fishing Lines
19:59 Castle Age
18:58 Scale Barding Armor
19:46 Bloodlines
21:22 Chain Barding Armor
22:54 Husbandry
25:54 Wheelbarrow
26:52 Pikeman
29:26 Town Watch
29:55 Forging
33:09 Horse Collar
34:19 Squires
34:59 Iron Casting
35:16 Bow Saw
44:16 Imperial Age
43:21 Hand Cart
45:45 Capped Ram
47:29 Conscription
48:32 Elite Obuch
51:01 Blast Furnace
50:02 Scale Mail Armor
50:22 Siege Ram
54:45 Heavy Plow
Panzerkore
6:21 Loom
14:49 Feudal Age
20:53 Castle Age
19:34 Horse Collar
27:43 Sanctity
27:28 Scale Mail Armor
31:49 Double-Bit Axe
34:53 Heavy Plow
35:51 Corvinian Army
36:17 Fletching
38:28 Wheelbarrow
43:39 Imperial Age
41:28 Hand Cart
41:00 Town Watch
41:40 Pikeman
42:54 Bow Saw
42:54 Scale Barding Armor
42:46 Bodkin Arrow
44:28 Chain Mail Armor
44:34 Chain Barding Armor
44:18 Husbandry
44:28 Bloodlines
45:00 Hoardings
45:19 Caravan
45:54 Conscription
45:17 Halberdier
45:44 Arson
46:50 Plate Barding Armor
45:58 Capped Ram
46:54 Elite Magyar Huszar
49:52 Town Patrol
50:28 Bracer
52:30 Two-Man Saw
52:09 Ballistics
52:50 Chemistry
52:03 Masonry
53:39 Siege Engineers
53:20 Treadmill Crane
bkg45
11:44 Loom
13:54 Feudal Age
17:37 Castle Age
15:27 Double-Bit Axe
15:37 Horse Collar
16:21 Fishing Lines
19:17 Bow Saw
22:05 Wheelbarrow
23:44 Hand Cart
24:05 Town Watch
25:03 Stone Mining
29:05 Fletching
33:47 Imperial Age
31:47 Heavy Plow
31:59 Scale Mail Armor
32:10 Forging
33:11 Chain Mail Armor
34:54 Conscription
35:30 Plate Mail Armor
35:25 Coiled Serpent Array
35:41 Elite White Feather Guard
37:21 Bodkin Arrow
38:38 Coinage
39:15 Bracer
40:28 Banking
40:22 Ballistics
41:02 Chemistry
44:32 Hoardings
44:01 Bolt Magazine
48:13 Padded Archer Armor
Connection lost

Rejoining the realm…

Still unreachable

The connection could not be restored.

Session expired

The server has moved on; the page needs a fresh start.